 Dungeon Crawl Stone Soup version 0.28-a0-932-g843f935a50 (webtiles) character file.

Game seed: 12546941196964527391

2 miscthings the Charlatan (level 1, -1/17 HPs)
             Began as a Gnoll Artificer on Nov 28, 2021.
             Slain by a kobold (3 damage)
             ... on level 1 of the Dungeon.
             The game lasted 00:00:13 (72 turns).

miscthings the Charlatan (Gnoll Artificer)            Turns: 72, Time: 00:00:14

Health: -1/17      AC:  3    Str: 11    XL:     1   Next: 30%
Magic:  1/1        EV: 12    Int: 10    God:
Gold:   15         SH:  0    Dex: 12    Spells: 0/0 levels left

rFire   . . .      SeeInvis .   a - +0 club
rCold   . . .      Faith    .   (no shield)
rNeg    . . .      Spirit   .   b - +0 leather armour
rPois   .          Reflect  .   (no helmet)
rElec   .          Harm     .   (no cloak)
rCorr   .          Rampage  .   (no gloves)
Will    .....                   (no boots)
Stlth   ++........              (no amulet)
HPRegen 0.05/turn               (no ring)
MPRegen 0.07/turn               (no ring)

@: no status effects
A: fangs 1, strong nose, distributed training
a: no special abilities


You were on level 1 of the Dungeon.
You visited 1 branch of the dungeon, and saw 1 of its levels.

You collected 15 gold pieces.

Inventory:

Hand Weapons
 a - a +0 club (weapon)
Armour
 b - a +0 leather armour (worn)
Wands
 c - a wand of flame (15) (quivered)
 d - a wand of charming (15)
Miscellaneous
 e - a piece from Xom's chessboard (14/15)


   Skills:
 + Level 2.3 Fighting
 + Level 0.0 Short Blades
 + Level 0.0 Long Blades
 + Level 0.0 Axes
 + Level 0.0 Maces & Flails
 + Level 0.0 Polearms
 + Level 0.0 Staves
 + Level 0.0 Slings
 + Level 0.0 Bows
 + Level 0.0 Crossbows
 + Level 0.0 Throwing
 + Level 4.4 Armour
 + Level 2.3 Dodging
 + Level 2.1 Stealth
 + Level 0.0 Shields
 + Level 0.0 Unarmed Combat
 + Level 0.0 Spellcasting
 + Level 0.0 Conjurations
 + Level 0.0 Hexes
 + Level 0.0 Summonings
 + Level 0.0 Necromancy
 + Level 0.0 Translocations
 + Level 0.0 Transmutations
 + Level 0.0 Fire Magic
 + Level 0.0 Ice Magic
 + Level 0.0 Air Magic
 + Level 0.0 Earth Magic
 + Level 0.0 Poison Magic
 + Level 0.1 Invocations
 + Level 6.4 Evocations


You couldn't memorise any spells.
You didn't know any spells.
Your spell library was empty.

Dungeon Overview and Level Annotations

Branches:
Dungeon (1/15)

Altars:


Innate Abilities, Weirdness & Mutations

You have very sharp teeth.
Your uncanny sense of smell can sniff out nearby items.
Your experience applies equally to all skills.


Message History

You bite the hobgoblin, but do no damage.
The hobgoblin is severely wounded.
You strike the helpless hobgoblin from behind!
You hit the hobgoblin.
You kill the hobgoblin!
No target in view!
A kobold comes into view. It is wielding a +3 dagger.
A kobold is nearby!
A goblin comes into view. It is wielding a +0 vampiric dagger.
The goblin shouts!
The kobold throws a stone.
The stone closely misses you.
You hit the goblin.
The goblin is moderately wounded.
The goblin hits you with a +0 vampiric dagger.
You hit the goblin. Your bite misses the goblin.
The goblin is severely wounded.
The goblin hits you but does no damage. The goblin barely misses you.
You barely miss the goblin. You bite the goblin, but do no damage.
The goblin is severely wounded.
The goblin hits you with a +0 vampiric dagger.
The goblin draws strength from your wounds!
You closely miss the goblin. You bite the goblin, but do no damage.
The goblin is moderately wounded.
The goblin hits you with a +0 vampiric dagger.
You hit the goblin.
You kill the goblin!
You closely miss the kobold. The kobold closely misses you.
You closely miss the kobold. The kobold closely misses you.
The kobold hits you with a +3 dagger.
You closely miss the kobold. The kobold hits you but does no damage.
You hit the kobold but do no damage. The kobold hits you with a +3 dagger.
* * * LOW HITPOINT WARNING * * *
You hit the kobold.
The kobold is severely wounded.
The kobold hits you with a +3 dagger.
* * * LOW HITPOINT WARNING * * *
You hit the kobold but do no damage.
The kobold is severely wounded.
The kobold hits you with a +3 dagger.
You die...

###+##### #........
+........ #........
#........
##################........
#...............@K........
#.########################
#.# #.# #.# #.# #.# #.#
#.#


You could see a kobold.

Vanquished Creatures
  A hobgoblin (D:1)
  A goblin (D:1)
2 creatures vanquished.

Notes
Turn   | Place    | Note
-------+----------+-------------------------------------------
     0 | D:1      | miscthings the Gnoll Artificer began the quest for the Orb.
     0 | D:1      | Reached XP level 1. HP: 17/17 MP: 1/1
    72 | D:1      | Slain by a kobold

Illustrated notes

Levels and vault maps discovered:
D:1:      tarquinn_simple_flora_water_f, layout_basic,
          shapermc_ecumenical_altar_mp_vishouse

Action                   || total
-------------------------++-------
Melee: Club              ||    16
       Bite              ||     3
Evoke: Piece from Xom's  ||     1
 Stab: Confused          ||     3
Armor: Leather armour    ||     2
Dodge: Dodged            ||     5

Table legend: (Time is in decaauts)
 A = Elapsed time spent in this place.
 B = Non-inter-level travel time spent in this place.
 C = Inter-level travel time spent in this place.
 D = Time resting spent in this place.
 E = Time spent auto-exploring this place.
 F = Levels seen in this place.
 G = Mean time per level.
                   A        B        C        D        E       F      G
               +--------+--------+--------+--------+--------+-----+--------+
         Total |     76 |     76 |      0 |      0 |     37 |   1 |   76.0 |
       Dungeon |     76 |     76 |      0 |      0 |     37 |   1 |   76.0 |
               +--------+--------+--------+--------+--------+-----+--------+

Top non-repeatable levels by time:
     D:1: 76 daAuts
